 Dungeon Crawl Stone Soup version 0.31-a0-202-g547052bce9 (webtiles) character file.

Game seed: 16896872956845205259

179 qw the Skirmisher (level 5, -2/29 HPs)
             Began as a Deep Elf Hunter on June 26, 2023.
             Slain by a gnoll
             ... wielding a +0 spear
              (7 damage)
             ... on level 3 of the Dungeon.
             The game lasted 00:00:47 (1758 turns).

qw the Skirmisher (Deep Elf Hunter)                 Turns: 1758, Time: 00:00:47

Health: -2/29      AC:  7    Str: 10    XL:     5   Next: 33%
Magic:  7/7        EV: 11    Int: 14    God:
Gold:   91         SH:  0    Dex: 18    Spells: 4/4 levels left

rFire   . . .        Y - +0 shortbow
rCold   . . .        (shield currently unavailable)
rNeg    + . .        d - +0 ring mail
rPois   +            (no helmet)
rElec   .            g - +0 cloak
rCorr   .            (no gloves)
SInv    .            h - +0 pair of boots
Will    .....        (no amulet)
Stlth   +            e - ring of positive energy
HPRegen 0.24/turn    l - ring of poison resistance
MPRegen 0.10/turn

%: no passive effects
@: no status effects
A: no striking features
a: no special abilities


You were on level 3 of the Dungeon.
You visited 1 branch of the dungeon, and saw 3 of its levels.

You collected 91 gold pieces.


   Skills:
 - Level 1.5 Fighting
 + Level 8.8 Ranged Weapons
 - Level 2.4 Dodging
 - Level 1.2 Stealth


You had 4 spell levels left.
You didn't know any spells.
Your spell library was empty.

Inventory:

Hand Weapons
 Y - a +0 shortbow (weapon)
Armour
 d - a +0 ring mail (worn)
 g - a +0 cloak (worn)
 h - a +0 pair of boots (worn)
Jewellery
 e - a ring of positive energy (left hand)
 l - a ring of poison resistance (right hand)
Potions
 a - a potion of lignification {unknown}
 b - a potion of attraction {unknown}
 c - a potion of curing {unknown}
 f - a potion of haste
 i - a potion of ambrosia {unknown}
 j - a potion of enlightenment {unknown}
 k - a potion of brilliance {unknown}

Dungeon Overview and Level Annotations

Branches:
Dungeon (3/15)

Altars:

Shops:
D:2 (


Message History

The gnoll is almost dead.
You shoot an arrow. The arrow hits the gnoll!
You kill the gnoll!
An adder comes into view.
You shoot an arrow. The adder hisses angrily.
The arrow hits the gnoll.
The gnoll is heavily wounded.
You shoot an arrow. The arrow closely misses the gnoll.
The arrow barely misses the gnoll.
The arrow closely misses the adder.
You shoot an arrow. The arrow barely misses the gnoll.
The arrow hits the gnoll!
The gnoll is heavily wounded.
The gnoll hits you from afar with a +0 spear.
The gnoll barely misses you.
The gnoll hits you from afar with a +0 halberd!
You shoot an arrow. The arrow hits the gnoll.
The gnoll is severely wounded.
The gnoll hits you from afar with a +0 halberd.
The gnoll hits you but does no damage.
You shoot an arrow. The arrow hits the adder.
The adder is heavily wounded.
The adder bites you.
The gnoll hits you from afar with a +0 halberd.
The gnoll hits you but does no damage.
You shoot an arrow. The arrow closely misses the adder.
The arrow hits the gnoll but does no damage.
The gnoll is heavily wounded.
The adder closely misses you. The gnoll closely misses you. x2
You shoot an arrow. The arrow hits the adder.
The adder is almost dead.
The adder misses you. The gnoll hits you but does no damage.
The gnoll hits you from afar with a +0 halberd.
The adder barely misses you.
You shoot an arrow. The arrow hits the adder.
You kill the adder!
The gnoll hits you from afar with a +0 spear.
The gnoll barely misses you.
You shoot an arrow. The arrow closely misses the gnoll.
The gnoll hits you from afar with a +0 spear!
You die...

##...## #.#...#######
### #.....##....# #..
##.....P#....# #.#
###...###....# #.# #
#..###.....# #.# #
#..........# #.######. #
#..........###..g..... #
###...........@.g..)..
#####.#.########........
....%........ #........
............. #........
............. #........
............. #........
............. #.#######
............. #.#
.............


You could see 2 gnolls.

Vanquished Creatures
  An orc priest (D:3)
  A gnoll (D:3)
  7 adders
  A worm (D:3)
  11 orcs (D:3)
  4 endoplasms
  3 giant cockroaches
  9 goblins
  5 hobgoblins
  10 ball pythons
  3 bats
  3 frilled lizards
  4 kobolds
  4 rats
66 creatures vanquished.

Notes
Turn   | Place    | Note
-------+----------+-------------------------------------------
     0 | D:1      | qw the Deep Elf Hunter began the quest for the Orb.
     0 | D:1      | Reached XP level 1. HP: 12/12 MP: 3/3
     0 | D:1      | 0 ||| qw: Version: 0.3-a-22-g0ed2b0b
     0 | D:1      | 0 ||| qw: Game counter: 6150
     0 | D:1      | 0 ||| qw: Melee chars always use a shield: true
     0 | D:1      | 0 ||| qw: God list: Okawaru
     0 | D:1      | 0 ||| qw: Allow faded altars: false
     0 | D:1      | 0 ||| qw: Do Orc after clearing Dungeon:15 true
     0 | D:1      | 0 ||| qw: Do second Lair branch before Depths: true
     0 | D:1      | 0 ||| qw: Lair rune preference: random
     0 | D:1      | 0 ||| qw: Goals: Normal
     0 | D:1      | 0 ||| PLANNING D:1-11
   145 | D:1      | Reached XP level 2. HP: 16/16 MP: 4/4
   149 | D:1      | Reached skill level 6 in Ranged Weapons
   634 | D:1      | 634 ||| UPGRADING to +0 ring mail.
   644 | D:1      | 644 ||| DROPPING +0 leather armour.
   645 | D:1      | 645 ||| UPGRADING to +0 cloak.
   650 | D:1      | 650 ||| UPGRADING to ring of positive energy.
   651 | D:1      | 651 ||| DROPPING ring of wizardry.
   652 | D:1      | 652 ||| UPGRADING to ring of poison resistance.
   653 | D:1      | 653 ||| READING scroll labelled QENEGA YRUOSH.
   654 | D:1      | 654 ||| DRINKING 2 glowing white potions.
   655 | D:1      | 655 ||| DROPPING scroll of butterflies.
   708 | D:2      | Reached XP level 3. HP: 15/20 MP: 5/5
   895 | D:2      | Reached skill level 7 in Ranged Weapons
   959 | D:2      | Found a faded altar of an unknown god.
  1228 | D:2      | Found Yle Ruor's Antique Weapon Shop.
  1233 | D:2      | 1233 ||| SHOPLISTING shimmering sling (201 gold, have 77).
  1402 | D:2      | 1402 ||| UPGRADING to +0 pair of boots.
  1407 | D:2      | 1407 ||| READING scroll labelled OMEROWKUXU.
  1478 | D:3      | Reached XP level 4. HP: 25/25 MP: 6/6
  1543 | D:3      | Reached skill level 8 in Ranged Weapons
  1641 | D:3      | Reached XP level 5. HP: 21/29 MP: 7/7
  1652 | D:3      | 1652 ||| FLEEEEING.
  1657 | D:3      | 1657 ||| STAIRDANCE
  1754 | D:3      | HP: 7/29 [gnoll/+0 halberd (6)]
  1758 | D:3      | Slain by a gnoll

Levels and vault maps discovered:
D:1:      co_arrival_two_rings, layout_rooms, serial_forest,
          infiniplex_forest_lined_room_2, infiniplex_forest_clump_tiny,
          infiniplex_forest_lined_corner, infiniplex_forest_clump_long,
          infiniplex_forest_clump_double, infiniplex_forest_clump_double,
          infiniplex_forest_lined_room_2, minmay_vboxes
D:2:      layout_loops_ring, serial_shops, nicolae_shop_rolling_square,
          shapermc_ecumenical_altar_mp_vishouse
D:3:      layout_basic, minmay_shallow_snake_nest

Skill      XL: |  1  2  3  4 |
---------------+-------------+-----
Ranged Weapons | 6 7 8 |  8.8
Fighting       | |  1.5
Dodging        | |  2.4
Stealth        | |  1.2

Action                     |  1- 3 |  4- 6 || total
---------------------------+-------+-------++-------
   Fire: Shortbow          |    87 |   109 ||   196
    Use: Scroll            |     2 |       ||     2
         Potion            |     1 |       ||     1
 Armour: Leather armour    |     3 |       ||     3
         Ring mail         |     8 |    37 ||    45
  Dodge: Dodged            |    35 |    42 ||    77

Table legend:
 A = Non-vault XP
 B = Vault XP
 C = Vault XP percentage of total XP
 D = Non-vault monster count
 E = Vault monster count
 F = Vault count percentage of total count
                 A         B        C        D         E       F
            +---------+---------+-------+---------+---------+-------
      Total |     224 |      33 |  12.8 |      51 |      15 |  22.7
            +---------+---------+-------+---------+---------+-------
        D:1 |      24 |      13 |  35.1 |      15 |       9 |  37.5
        D:2 |      56 |       0 |   0.0 |      12 |       0 |   0.0
        D:3 |     144 |      20 |  12.2 |      24 |       6 |  20.0
            +---------+---------+-------+---------+---------+-------
